 Dungeon Crawl Stone Soup version 0.31-a0-175-g9f7f995f2b (webtiles) character file.

Game seed: 4471604944671298916

57 qw the Shooter (level 4, -4/39 HPs)
             Began as a Naga Hunter on June 16, 2023.
             Slain by a gnoll
             ... wielding a +0 spear
              (8 damage)
             ... on level 3 of the Dungeon.
             The game lasted 00:00:26 (1038 turns).

qw the Shooter (Naga Hunter)                        Turns: 1038, Time: 00:00:26

Health: -4/39      AC:  2    Str: 12 (14) XL:     4   Next: 0%
Magic:  4/4        EV:  9    Int:  8 (9)  God:
Gold:   73         SH:  0    Dex: 14 (16) Spells: 3/3 levels left

rFire   . . .        Y - +0 shortbow
rCold   . . .        (shield currently unavailable)
rNeg    . . .        c - +0 leather armour
rPois   +            (no helmet)
rElec   .            (no cloak)
rCorr   .            (no gloves)
SInv    +            (no barding)
Will    .....        (no amulet)
Stlth   ++           (no ring)
HPRegen 0.26/turn    (no ring)
MPRegen 0.09/turn

%: no passive effects
@: about to teleport, very slow
A: AC +1, large, see invisible, deformed body, poison resistance, slowness 2,
spit poison 1, naga tail 1
a: Spit Poison


You were on level 3 of the Dungeon.
You visited 1 branch of the dungeon, and saw 3 of its levels.

You collected 73 gold pieces.


Innate Abilities, Weirdness & Mutations

Your serpentine skin is tough. (AC +1)
You have supernaturally acute eyesight. (SInv)
Armour fits poorly on your strangely shaped body.
Your system is resistant to poisons. (rPois)
You cover ground very slowly.
You can spit poison.
You have a snake-like lower body.


   Skills:
 + Level 2.0 Fighting
 - Level 5.0 Ranged Weapons
 - Level 1.5 Dodging
 - Level 1.5 Stealth


You had 3 spell levels left.
You didn't know any spells.
Your spell library was empty.

Inventory:

Hand Weapons
 Y - a +0 shortbow (weapon)
Armour
 c - a +0 leather armour (worn)
Scrolls
 b - a scroll of immolation {unknown}

Dungeon Overview and Level Annotations

Branches:
Dungeon (2/15)

Altars:


Message History

You shoot an arrow.
The arrow hits the ball python but does no damage.
The ball python is severely wounded.
The ball python bites you but does no damage.
You shoot an arrow. The arrow hits the ball python.
You kill the ball python!
Your Ranged Weapons skill increases to level 5!
You have reached level 4!
You feel stronger.
You start resting.
You have got your breath back.
HP restored. 4 gnolls come into view.
Found a sling.
The gnoll shouts! x3
The gnoll barely misses you.
1034 ||| INVOKING Spit Poison.
Aiming: Spit Poison (1% risk of failure)
Press: ? - help, Shift-Dir - straight line, f - gnoll The splash of poison misses the gnoll.
The splash of poison hits the gnoll.
The gnoll is lightly wounded.
The gnoll hits you with a +0 spear.
You shoot an arrow.
The arrow hits the gnoll but does no damage.
The gnoll barely misses you. The gnoll misses you.
You shoot an arrow. The arrow closely misses the gnoll.
The arrow hits the gnoll but does no damage.
The gnoll is lightly wounded.
The gnoll hits you from afar with a +0 halberd!
The gnoll barely misses you.
The gnoll hits you from afar with a +0 halberd!
A rat comes into view.
You shoot an arrow. The arrow closely misses the gnoll. x2
The gnoll hits you from afar with a +0 halberd!
The gnoll closely misses you. The gnoll hits you with a +0 whip.
1038 ||| READING scroll of teleportation.
As you read the scroll of teleportation, it crumbles to dust.
You feel strangely unstable.
You have got your breath back.
The gnoll hits you from afar with a +0 spear!
You die... .. ... ..r. ..## .).# #gg

#gg##
###@#
##..##
#.###
##..##
###.#
##..##
#.###
##..##
###.#


You could see 4 gnolls and a rat.

Vanquished Creatures
  An adder (D:3)
  4 endoplasms
  6 goblins
  6 hobgoblins
  7 jackals
  A quokka (D:1)
  2 ball pythons
  8 bats (D:1)
  3 frilled lizards (D:1)
  2 kobolds
  4 rats
44 creatures vanquished.

Notes
Turn   | Place    | Note
-------+----------+-------------------------------------------
     0 | D:1      | qw the Naga Hunter began the quest for the Orb.
     0 | D:1      | Reached XP level 1. HP: 19/19 MP: 1/1
     0 | D:1      | 0 ||| qw: Version: 0.2-a-29-g511e9b1
     0 | D:1      | 0 ||| qw: Game counter: 5789
     0 | D:1      | 0 ||| qw: Always use a shield: true
     0 | D:1      | 0 ||| qw: God list: Okawaru
     0 | D:1      | 0 ||| qw: Allow faded altars: false
     0 | D:1      | 0 ||| qw: Do Orc after D:15 true
     0 | D:1      | 0 ||| qw: Do second Lair branch before Depths: true
     0 | D:1      | 0 ||| qw: Lair rune preference: random
     0 | D:1      | 0 ||| qw: Plans: Normal
     0 | D:1      | 0 ||| PLANNING D:1-11
     6 | D:1      | 6 ||| INVOKING Spit Poison.
    92 | D:1      | 92 ||| INVOKING Spit Poison.
   123 | D:1      | 123 ||| INVOKING Spit Poison.
   150 | D:1      | 150 ||| INVOKING Spit Poison.
   151 | D:1      | Reached skill level 4 in Ranged Weapons
   151 | D:1      | Reached XP level 2. HP: 26/26 MP: 2/2
   170 | D:1      | 170 ||| INVOKING Spit Poison.
   187 | D:1      | 187 ||| INVOKING Spit Poison.
   214 | D:1      | 214 ||| INVOKING Spit Poison.
   219 | D:1      | 219 ||| INVOKING Spit Poison.
   240 | D:1      | 240 ||| INVOKING Spit Poison.
   284 | D:1      | 284 ||| INVOKING Spit Poison.
   308 | D:1      | Found a faded altar of an unknown god.
   430 | D:1      | 430 ||| INVOKING Spit Poison.
   444 | D:1      | 444 ||| INVOKING Spit Poison.
   447 | D:1      | Reached XP level 3. HP: 32/32 MP: 3/3
   450 | D:1      | 450 ||| INVOKING Spit Poison.
   461 | D:1      | 461 ||| INVOKING Spit Poison.
   548 | D:1      | 548 ||| INVOKING Spit Poison.
   563 | D:1      | 563 ||| INVOKING Spit Poison.
   564 | D:1      | 564 ||| INVOKING Spit Poison.
   596 | D:1      | 596 ||| INVOKING Spit Poison.
   778 | D:1      | 778 ||| INVOKING Spit Poison.
   798 | D:1      | 798 ||| INVOKING Spit Poison.
   841 | D:1      | 841 ||| READING 2 scrolls labelled HUFOLOENKI.
   844 | D:1      | 844 ||| READING scroll labelled QAINOU UNAOPHA.
   845 | D:1      | 845 ||| DRINKING 2 puce potions.
   846 | D:1      | 846 ||| DROPPING scroll of butterflies.
   847 | D:1      | 847 ||| DROPPING potion of degeneration.
   901 | D:2      | 901 ||| INVOKING Spit Poison.
   902 | D:2      | 902 ||| INVOKING Spit Poison.
   909 | D:2      | 909 ||| INVOKING Spit Poison.
   915 | D:2      | 915 ||| INVOKING Spit Poison.
   941 | D:2      | 941 ||| INVOKING Spit Poison.
   963 | D:2      | You fall into a shaft and drop 1 floor!
   965 | D:3      | 965 ||| INVOKING Spit Poison.
   983 | D:3      | 983 ||| INVOKING Spit Poison.
   986 | D:3      | Reached skill level 5 in Ranged Weapons
   986 | D:3      | Reached XP level 4. HP: 36/39 MP: 4/4
  1034 | D:3      | 1034 ||| INVOKING Spit Poison.
  1037 | D:3      | HP: 4/39 [gnoll/+0 whip (6)]
  1038 | D:3      | 1038 ||| READING scroll of teleportation.
  1038 | D:3      | Slain by a gnoll

Levels and vault maps discovered:
D:1:      nzn_arrival_water_spiral, layout_basic,
          shapermc_ecumenical_altar_mp_highgroup, nrook_campfire,
          minmay_misc_feat_pillars, nicolae_eternal_life,
          chequers_serial_rivers_marsh, minmay_misc_feat_iff,
          dreamdust_mushroom_princess, serial_bayou_lagoon_a
D:2:      layout_basic, uniq_terence
D:3:      layout_basic, minmay_misc_feat_doors, grunt_decor_resistance

Skill      XL: |  1  2  3 |
---------------+----------+-----
Ranged Weapons | 4 5 |  5.0
Fighting       | |  2.0
Dodging        | |  1.5
Stealth        | |  1.5

Action                     |  1- 3 |  4- 6 || total
---------------------------+-------+-------++-------
   Fire: Shortbow          |    62 |     3 ||    65
Ability: Spit Poison       |    25 |     1 ||    26
    Use: Scroll            |     2 |     1 ||     3
         Potion            |     1 |       ||     1
 Armour: Leather armour    |     4 |       ||     4
  Dodge: Dodged            |     4 |     5 ||     9

Table legend:
 A = Non-vault XP
 B = Vault XP
 C = Vault XP percentage of total XP
 D = Non-vault monster count
 E = Vault monster count
 F = Vault count percentage of total count
                 A         B        C        D         E       F
            +---------+---------+-------+---------+---------+-------
      Total |      82 |       0 |   0.0 |      44 |       0 |   0.0
            +---------+---------+-------+---------+---------+-------
        D:1 |      50 |       0 |   0.0 |      33 |       0 |   0.0
        D:2 |      17 |       0 |   0.0 |       9 |       0 |   0.0
        D:3 |      15 |       0 |   0.0 |       2 |       0 |   0.0
            +---------+---------+-------+---------+---------+-------
